 Dungeon Crawl Stone Soup version 0.30-a0-137-gd8773701ce (webtiles) character file.

Game seed: 1156972419072271933

244756 porpoise the Warrior (level 18, -19/148 (151) HPs)
             Began as a Demonspawn Gladiator on Sept 21, 2022.
             Was the Champion of Fedhas.
             Killed from afar by a tengu reaver (50 damage)
             ... with a bolt of acid
             ... on level 1 of the Vaults on Sept 22, 2022.
             The game lasted 03:39:30 (39141 turns).

porpoise the Warrior (Demonspawn Gladiator)        Turns: 39141, Time: 03:39:30

HP:   -19/148 (151) AC: 20    Str: 28    XL:     18   Next: 74%
MP:   33/33         EV: 23    Int:  9    God:    Fedhas [******]
Gold: 203           SH:  0    Dex: 29    Spells: 17/17 levels left

rFire   . . .      SeeInvis .    a - +8 demon trident "Vanog" {elec, rF- Will+ Dex+4 Stlth+}
rCold   + . .      Faith    .    (no shield)
rNeg    + . .      Spirit   .    r - +5 pearl dragon scales
rPois   +          Reflect  .    (helmet unavailable)
rElec   +          Harm     .    (cloak unavailable)
rCorr   .          Rampage  .    (gloves unavailable)
Will    ++...                    v - +0 pair of boots
Stlth   ++........               W - amulet of regeneration
HPRegen 1.14/turn                c - ring "Ihokh" {rPois rF+ rC+ Str+6}
MPRegen 0.23/turn                d - ring "Feloikux" {rElec Str+3 Dex+6}

@: studying Throwing, lightly drained
A: horns 3, powered by pain 1, spiny 3, weakness stinger 3, demonic touch 3,
high MP 1, poison resistance
}: 2/15 runes: serpentine, barnacled
a: Renounce Religion, Wall of Briars, Grow Ballistomycete, Overgrow, Grow Oklob


You were on level 1 of the Vaults.
You worshipped Fedhas.
Fedhas was exalted by your worship.
You visited 7 branches of the dungeon, and saw 32 of its levels.
You also visited: Trove, Sewer and Gauntlet.

You collected 4052 gold pieces.
You spent 3849 gold pieces at shops.

Inventory:

Hand Weapons
 a - the +8 demon trident "Vanog" (weapon) {elec, rF- Will+ Dex+4 Stlth+}
   (You found it in a treasure trove)

   It occasionally discharges a powerful burst of electricity upon striking a
   foe.
   Dex:       It affects your dexterity (+4).
   rF:        It makes you vulnerable to fire.
   Will:      It increases your willpower.
   Stlth:     It makes you more stealthy.
 b - the +11 shortbow of Purpose {vorpal, rC+ rCorr Int-3 Stlth+}
   (You found it on level 7 of the Dungeon)

   Any ammunition fired from it inflicts extra damage upon your enemies.
   Int:       It affects your intelligence (-3).
   rC:        It protects you from cold.
   rCorr:     It protects you from acid and corrosion.
   Stlth:     It makes you more stealthy.
Missiles
 x - 4 boomerangs of dispersal
 L - 10 curare-tipped darts (quivered)
 S - 2 datura-tipped darts
 X - an atropa-tipped dart
Armour
 r - +5 pearl dragon scales (worn)
 v - a +0 pair of boots (worn)
Jewellery
 c - the ring "Ihokh" (left hand) {rPois rF+ rC+ Str+6}
   (You found it in a Gauntlet)

   [ring of strength]

   Str:       It affects your strength (+6).
   rF:        It protects you from fire.
   rC:        It protects you from cold.
   rPois:     It protects you from poison.
 d - the ring "Feloikux" (right hand) {rElec Str+3 Dex+6}
   (You bought it in a shop on level 1 of the Snake Pit)

   [ring of dexterity]

   Str:       It affects your strength (+3).
   Dex:       It affects your dexterity (+6).
   rElec:     It insulates you from electricity.
 W - an amulet of regeneration (around neck)
Wands
 e - a wand of flame (67)
 n - a wand of polymorph (17)
 t - a wand of paralysis (10)
 y - a wand of roots (11)
 K - a wand of mindburst (6)
 P - a wand of quicksilver (13)
 Z - a wand of digging (6)
Scrolls
 f - 14 scrolls of teleportation
 j - 3 scrolls of summoning
 o - 5 scrolls of poison
 F - 6 scrolls of vulnerability
 I - 9 scrolls of magic mapping
 N - 5 scrolls of fear
 T - 3 scrolls of butterflies
Potions
 k - a potion of invisibility
 m - 2 potions of heal wounds
 p - a potion of ambrosia
 q - 8 potions of lignification
 z - 14 potions of curing
 E - 5 potions of resistance
 H - 6 potions of might
 Q - 6 potions of attraction
 U - 5 potions of cancellation
Miscellaneous
 h - a tin of tremorstones (2/2)
 u - a phantom mirror
 B - a condenser vane


   Skills:
 - Level 16.0 Fighting
 - Level 14.0 Polearms
 - Level 14.0 Ranged Weapons
 + Level 9.5 Throwing
 - Level 9.0 Armour
 + Level 13.9 Dodging
 - Level 16.0 Invocations
 + Level 7.2 Evocations


You had 17 spell levels left.
You didn't know any spells.
Your spell library contained the following spells:

 Spells                   Type           Power      Damage    Failure   Level
 Apportation              Tloc           0%         N/A       65%         1
 Foxfire                  Conj/Fire      0%         2x1d4     65%         1
 Magic Dart               Conj           0%         1d3       65%         1
 Necrotise                Necr           0%         1d4       65%         1
 Sandblast                Erth           0%         2d4       65%         1
 Summon Small Mammal      Summ           0%         N/A       65%         1
 Cigotuvi's Dreadful Rot  Necr/Pois/Air  0%         N/A       80%         2
 Ensorcelled Hibernation  Hex/Ice        0%         N/A       80%         2
 Passwall                 Tmut/Erth      0%         N/A       80%         2
 Poisonous Vapours        Pois/Air       0%         N/A       80%         2
 Searing Ray              Conj           0%         2d4       80%         2
 Static Discharge         Conj/Air       0%         2-2/arc   80%         2
 Call Canine Familiar     Summ           0%         N/A       95%         3
 Confusing Touch          Hex            0%         N/A       95%         3
 Inner Flame              Hex/Fire       0%         N/A       95%         3
 Ozocubu's Armour         Ice            0%         N/A       95%         3
 Stone Arrow              Conj/Erth      0%         3d7       95%         3
 Summon Guardian Golem    Hex/Summ       0%         N/A       95%         3
 Swiftness                Air            0%         N/A       95%         3
 Tukima's Dance           Hex            0%         N/A       95%         3
 Vampiric Draining        Necr           0%         2d6       95%         3
 Anguish                  Hex/Necr       0%         N/A       100%        4
 Animate Armour           Summ/Erth      0%         N/A       100%        4
 Animate Dead             Necr           0%         N/A       100%        4
 Cause Fear               Hex            0%         N/A       100%        4
 Fulminant Prism          Conj/Hex       0%         3d6       100%        4
 Leda's Liquefaction      Hex/Erth       0%         N/A       100%        4
 Passage of Golubria      Tloc           0%         N/A       100%        4
 Agony                    Necr           0%         N/A       100%        5
 Arcjolt                  Conj/Air       0%         1d10      100%        5
 Blade Hands              Tmut           0%         N/A       100%        5
 Borgnjor's Vile Clutch   Necr/Erth      0%         N/A       100%        5
 Lee's Rapid Deconstruct  Erth           0%         3d5*      100%        5
 Lightning Bolt           Conj/Air       0%         1d11      100%        5
 Summon Mana Viper        Hex/Summ       0%         N/A       100%        5
 Yara's Violent Unravell  Hex/Tmut       0%         3d3       100%        5
 Death Channel            Necr           0%         N/A       100%        6
 Dispersal                Tloc           0%         N/A       100%        6
 Iron Shot                Conj/Erth      0%         9d1       100%        6
 Statue Form              Tmut/Erth      0%         N/A       100%        6
 Summon Cactus Giant      Summ           0%         N/A       100%        6
 Dragon Form              Tmut           0%         N/A       100%        7
 Enfeeble                 Hex            0%         N/A       100%        7
 Ozocubu's Refrigeration  Ice            0%         4d7       100%        7
 Discord                  Hex            0%         N/A       100%        8
 Disjunction              Tloc           0%         N/A       100%        8
 Ignition                 Fire           0%         3d3       100%        8
 Lehudib's Crystal Spear  Conj/Erth      0%         10d2      100%        8
 Maxwell's Capacitive Co  Air            0%         ∞         100%        8
 Necromutation            Tmut/Necr      0%         N/A       100%        8
 Dragon's Call            Summ           0%         N/A       100%        9


Dungeon Overview and Level Annotations

Branches:
Dungeon (15/15)            Temple (1/1) D:6            Lair (5/5) D:9
 Shoals (4/4) Lair:3        Snake (4/4) Lair:2        Slime (0/5) Lair:5
    Orc (2/2) D:12            Elf (0/3) Orc:2        Vaults (1/5) D:14
 Depths (0/4) D:15          Sewer (visited)         Gauntlet (visited)

Altars:
Ashenzari
Cheibriados
Dithmenos
Fedhas
Gozag
Hepliaklqana
Kikubaaqudgha
Makhleb
Nemelex Xobeh
Okawaru
Qazlal
Ru
Sif Muna
Trog
Uskayaw
Vehumet
Wu Jian
Xom
Yredelemnul
Jiyva

Shops:
D:6 ?   D:7 (   Orc:1 (   Orc:2 =(([   Shoals:2 [   Snake:1 =   Snake:2 :*([
Snake:3 !?

Annotations:
Shoals:1 1 runed translucent door, LnG's ghost, adept KoSu
Orc:2 exclusion: upstairs


Innate Abilities, Weirdness & Mutations

You have a pair of large horns on your head.
You sometimes gain a little power by taking damage.
You are completely covered in sharp spines.
You have a sharp stinger which inflicts weakening toxins.
Your touch may irresistibly damage your foes and sap their willpower.
You have an increased reservoir of magic. (+10% MP)
Your system is resistant to poisons. (rPois)


Message History

The deep troll claws you but does no damage.
The centaur warrior unwields a +0 shortbow.
The centaur warrior hits you. The centaur warrior kicks you.
The tengu reaver is struck by your spines.
The tengu reaver closely misses you. The tengu reaver misses you.
The tengu reaver claws you but does no damage.
You impale the centaur warrior!!
You headbutt the centaur warrior, but do no damage.
You touch the centaur warrior.
You sap its willpower!
The centaur warrior is almost dead.
You kill the centaur warrior!
Fedhas appreciates your contribution to the ecosystem.
The tengu reaver hits you with a +3 great mace of draining!!!
You partially resist.
You feel drained. The tengu reaver pecks you. The tengu reaver claws you!
You puncture the deep troll!
You headbutt the deep troll, but do no damage.
You tail-slap the deep troll, but do no damage.
The deep troll is heavily wounded.
The deep troll bites you!
The deep troll completely misses you. x2
You hit the deep troll.
Lightning courses through the deep troll!!
Your touch misses the deep troll.
The deep troll is almost dead.
The tengu reaver gestures at you while chanting.
The bolt of cold hits you!! You resist.
* * * LOW HITPOINT WARNING * * *
You impale the deep troll!!
You kill the deep troll!
Fedhas appreciates your contribution to the ecosystem.
You hit the tengu reaver.
The tengu reaver is lightly wounded.
The tengu reaver gestures at you while chanting.
The bolt of acid hits you!!
* * * LOW HITPOINT WARNING * * *
You feel much better.
The tengu reaver gestures at you while chanting.
The bolt of acid hits you!!!
You die...
Fedhas appreciates your contribution to the ecosystem.

.#'########
.#........##.........#
.#........##.........#
.#........##.........#
.#........##.........#
.#........##.........+
.#...÷....##.........#
.#...∩÷...##.....)...#
.#........##....@....##
.#........##....Q.......
.#........##............
.###########............
........................
........................
########################


You could see a tengu reaver (strong).

Vanquished Creatures
  Vashnia (Snake:2)
  Jorgrun (Orc:2)
  Mlioglotl (Snake:1)
  A titan (Shoals:4)
  A kraken (Shoals:2)
  Kirke (Snake:1)
  Roxanne (Snake:3)
  8 nagarajas
  Aizul (Snake:1)
  A very ugly thing (Vaults:1)
  Azrael (Snake:1)
  A minotaur (Gauntlet)
  Snorg (D:10)
  10 merfolk impalers
  5 merfolk javelineers (Shoals:4)
  A great orb of eyes (D:15)
  A fire dragon (Lair:5)
  A salamander tyrant (Snake:3)
  8 hydras
  Harold (Lair:1)
  Fannar (D:10)
  Erolcha (D:13)
  A catoblepas (Lair:2)
  4 ogre magi
  10 centaur warriors
  A merfolk avatar (Shoals:3)
  3 boulder beetles
  6 merfolk aquamancers
  2 dancing weapons (D:14)
  3 alligator snapping turtles
  A satyr (Shoals:2)
  An alligator (Snake:4)
  26 two-headed ogres
  13 anacondas
  2 tengu warriors (D:13)
  5 death yaks (Lair:5)
  11 naga warriors
  9 shock serpents
  12 naga sharpshooters
  Amaemon (D:8)
  Nergalle (Lair:1)
  7 salamander mystics
  A fire crab (Gauntlet)
  4 skeletal warriors (D:15)
  A goliath frog (Snake:4)
  14 sea snakes
  A swamp dragon (Lair:5)
  A deep troll (Vaults:1)
  An ironbound convoker (Vaults:1)
  3 naga ritualists
  Pikel (D:8)
  8 harpies
  9 mana vipers
  8 fauns
  18 manticores
  19 salamanders
  13 ugly things
  6 elephants (Lair:5)
  4 cyclopes
  A moth of wrath (Gauntlet)
  A moth of wrath (shapeshifter) (D:15)
  4 merfolk sirens
  Maurice (D:8)
  22 naga magi
  9 water nymphs
  9 guardian serpents
  14 cane toads
  An orange demon (D:8)
  25 black mambas
  An unseen horror (D:13)
  3 rime drakes (Lair:5)
  15 komodo dragons
  An efreet (D:14)
  A freezing wraith (D:15)
  2 polar bears
  A wolf spider simulacrum (Gauntlet)
  3 meliai (Gauntlet)
  11 wind drakes
  4 trolls
  9 snapping turtles
  A tarantella (shapeshifter) (D:14)
  32 merfolk
  10 blink frogs
  3 slime creatures (D:15)
  3 dream sheep (Shoals:1)
  A culicivora (shapeshifter) (D:15)
  5 shadows (Gauntlet)
  3 centaur simulacra (Gauntlet)
  4 air elementals (Shoals:4)
  A vampire (D:14)
  21 water elementals
  11 wyverns
  2 wraiths
  46 yaks
  3 basilisks
  2 fire bats (Gauntlet)
  2 fire elementals (Snake:1)
  3 hogs (Snake:1)
  4 steam dragons
  A warg (Orc:2)
  46 nagas
  3 acid dragons
  Duvessa (D:7)
  2 hell hounds (Snake:1)
  14 water moccasins
  7 orc warriors
  A swamp drake (Lair:5)
  2 sky beasts (D:7)
  An ice dragon simulacrum (Gauntlet)
  A black bear (D:5)
  22 wolves
  6 centaurs
  24 ogres
  2 phantoms
  A kobold brigand (D:7)
  9 bullfrogs
  2 gnoll sergeants
  2 scorpions
  7 wights
  Dowan (D:7)
  5 killer bees (D:9)
  3 electric eels
  3 howler monkeys
  A lava snake (D:12)
  A hound (D:5)
  5 orc priests
  A gnoll bouda (D:6)
  4 jellies
  11 iguanas
  14 orc wizards
  Robin (D:3)
  21 gnolls
  13 adders
  8 river rats
  2 shadow imps (D:7)
  A white imp (D:8)
  2 worms
  A dart slug (D:5)
  32 orcs
  4 ball pythons
  4 bats
  7 endoplasms
  6 giant cockroaches
  11 goblins
  5 hobgoblins
  3 jackals (D:1)
  3 quokkas
  10 frilled lizards
  15 kobolds
  14 rats
  A ballistomycete spore (Snake:4)
  A fire vortex (D:12)
  4 tentacles (Shoals:2)
947 creatures vanquished.

Vanquished Creatures (collateral kills)
  Nikola (Snake:3)
  The ghost of Mimusiah the Slayer, an adept HOFi of Hepliaklqana (Snake:2)
  A merfolk impaler (Shoals:4)
  An ogre mage (Orc:2)
  2 two-headed ogres (Orc:2)
  A satyr (Shoals:4)
  A naga warrior (Snake:3)
  2 naga sharpshooters
  A shock serpent (Snake:3)
  A sea snake (Shoals:4)
  A naga ritualist (Snake:2)
  2 mana vipers
  3 salamanders
  A merfolk siren (Shoals:4)
  2 black mambas
  A water nymph (Shoals:4)
  5 naga magi
  2 guardian serpents
  A wind drake (Shoals:4)
  2 merfolk (Shoals:4)
  An air elemental (Shoals:4)
  2 hogs (Snake:1)
  2 water elementals (Shoals:4)
  4 nagas
  8 ogres (Orc:2)
  16 ballistomycete spores
65 creatures vanquished.

Vanquished Creatures (others)
  A merfolk (Shoals:4)
  A naga (Snake:3)
  2 ballistomycete spores (Snake:4)
  4 bushes (Lair:5)
  33 fungi
  95 plants
  4 tentacles (Shoals:2)
140 creatures vanquished.

Grand Total: 1152 creatures vanquished

Notes
Turn   | Place    | Note
-------+----------+-------------------------------------------
     0 | D:1      | porpoise the Demonspawn Gladiator began the quest for the
                  | Orb.
     0 | D:1      | Reached XP level 1. HP: 16/16 MP: 1/1
   305 | D:1      | Gained mutation: You are partially covered in sharp spines.
                  | [demonic ancestry]
   305 | D:1      | Reached XP level 2. HP: 22/22 MP: 2/2
   880 | D:2      | Discovered your monstrous ancestry.
   880 | D:2      | Gained mutation: You have a pair of small horns on your
                  | head. [demonic ancestry]
   880 | D:2      | Reached XP level 3. HP: 28/28 MP: 3/3
  1113 | D:2      | Gained mutation: You sometimes gain a little power by
                  | taking damage. [demonic ancestry]
  1113 | D:2      | Reached XP level 4. HP: 11/34 MP: 4/4
  1656 | D:2      | Got Xydghoiq's Codex of Creative Combustion
  2089 | D:3      | Noticed Robin
  2097 | D:3      | Gained mutation: Your touch may inflict minor irresistible
                  | damage on your foes. [demonic ancestry]
  2097 | D:3      | Reached XP level 5. HP: 28/41 MP: 5/5
  2102 | D:3      | Gained mutation: You are frail. (-10% HP) [potion of
                  | mutation]
  2102 | D:3      | Gained mutation: Your mind is acute. (Int +4, Str/Dex -1)
                  | [potion of mutation]
  2102 | D:3      | Gained mutation: You are very frail. (-20% HP) [potion of
                  | mutation]
  2106 | D:3      | Killed Robin
  2805 | D:4      | Reached skill level 5 in Polearms
  3172 | D:4      | Noticed an ogre
  3179 | D:4      | Killed an ogre
  3180 | D:4      | Gained mutation: You have a small tail. [demonic ancestry]
  3180 | D:4      | Reached XP level 6. HP: 38/38 MP: 6/6
  3433 | D:5      | Entered Level 5 of the Dungeon
  4025 | D:5      | Gained mutation: You have a pair of horns on your head.
                  | [demonic ancestry]
  4025 | D:5      | Reached XP level 7. HP: 41/44 MP: 7/7
  4095 | D:5      | Reached skill level 5 in Fighting
  4304 | D:5      | Found a sparkling altar of Nemelex Xobeh.
  4307 | D:5      | Found a burning altar of Makhleb.
  4318 | D:5      | Found a shadowy altar of Dithmenos.
  4322 | D:5      | Found a hazy altar of Hepliaklqana.
  4641 | D:5      | Lost mutation: You are very frail. (-20% HP) [potion of
                  | mutation]
  4641 | D:5      | Lost mutation: Your mind is acute. (Int +4, Str/Dex -1)
                  | [potion of mutation]
  4641 | D:5      | Lost mutation: You are frail. (-10% HP) [potion of
                  | mutation]
  4641 | D:5      | Gained mutation: You expend magic power (3 MP) to
                  | strengthen your wands. [potion of mutation]
  4641 | D:5      | Gained mutation: You have a pair of large horns on your
                  | head. [potion of mutation]
  4955 | D:6      | Found a glowing drain.
  4959 | Sewer    | Entered a sewer
  5465 | D:6      | Found a staircase to the Ecumenical Temple.
  5488 | Temple   | Entered the Ecumenical Temple
  5747 | D:6      | Gained mutation: Your touch may inflict irresistible damage
                  | on your foes. [demonic ancestry]
  5747 | D:6      | Reached XP level 8. HP: 27/64 MP: 8/8
  5998 | D:6      | Found Jeeth's Magic Scroll Emporium.
  6001 | D:6      | Bought a scroll of butterflies for 52 gold pieces
  6001 | D:6      | Bought a scroll of magic mapping for 97 gold pieces
  6980 | D:7      | Noticed Dowan
  6982 | D:7      | Noticed Duvessa
  6993 | D:7      | Killed Duvessa
  7001 | D:7      | Killed Dowan
  7115 | D:7      | Reached XP level 9. HP: 57/72 MP: 9/9
  7193 | D:7      | Reached skill level 1 in Armour
  7323 | D:7      | Found Xeaguid's Firing Range.
  7346 | D:7      | Bought 6 curare-tipped darts for 50 gold pieces
  7488 | Temple   | Became a worshipper of Fedhas Madash
  7638 | D:7      | Reached skill level 1 in Invocations
  7921 | D:7      | Identified the +11 shortbow of Purpose {vorpal, rC+ rCorr
                  | Int-3 Stlth+}
  8054 | D:7      | You fall into a shaft and drop 1 floor!
  8083 | D:8      | Noticed an orange demon
  8084 | D:8      | Noticed Amaemon
  8095 | D:8      | HP: 3/72 [Amaemon/-2 demon whip of venom (12)]
  8105 | D:8      | Noticed a two-headed ogre
  8125 | D:8      | Killed a two-headed ogre
  8126 | D:8      | Reached skill level 10 in Polearms
  8380 | D:8      | Noticed Pikel
  8392 | D:8      | Killed Pikel
  8393 | D:8      | Reached skill level 5 in Invocations
  8548 | D:8      | Noticed Maurice
  8562 | D:8      | Killed Maurice
  8563 | D:8      | Gained mutation: You are mostly covered in sharp spines.
                  | [demonic ancestry]
  8563 | D:8      | Reached XP level 10. HP: 70/79 MP: 14/14
  9050 | D:8      | Killed an orange demon
  9059 | D:8      | Killed Amaemon
  9060 | D:8      | Reached skill level 5 in Armour
  9587 | D:6      | Bought 3 scrolls of identify for 78 gold pieces
  9587 | D:6      | Bought a scroll of vulnerability for 52 gold pieces
  9589 | D:6      | Identified a scroll of acquirement
 10034 | D:9      | Reached skill level 1 in Evocations
 10116 | D:9      | Reached * piety under Fedhas
 10197 | D:9      | Found a staircase to the Lair.
 10629 | D:10     | Entered Level 10 of the Dungeon
 10683 | D:10     | Noticed a two-headed ogre
 10692 | D:10     | Killed a two-headed ogre
 10693 | D:10     | Reached skill level 5 in Dodging
 10707 | D:10     | Found a basalt altar of Yredelemnul.
 10708 | D:10     | Noticed Snorg
 10719 | D:10     | Killed Snorg
 10720 | D:10     | Gained mutation: You are completely covered in sharp
                  | spines. [demonic ancestry]
 10720 | D:10     | Reached XP level 11. HP: 43/84 MP: 16/16
 10799 | D:10     | Noticed a two-headed ogre
 10807 | D:10     | Killed a two-headed ogre
 10922 | D:10     | Found an ornate altar of the Wu Jian Council.
 11114 | D:10     | Noticed Fannar
 11130 | D:10     | Killed Fannar
 11324 | Lair:1   | Entered Level 1 of the Lair of Beasts
 11369 | Lair:1   | Reached ** piety under Fedhas
 11461 | Lair:1   | Reached skill level 5 in Evocations
 11685 | Lair:1   | Noticed Nergalle
 11696 | Lair:1   | Killed Nergalle
 12193 | Lair:1   | Noticed Harold
 12209 | Lair:1   | Killed Harold
 12315 | Lair:1   | Reached *** piety under Fedhas
 12703 | Lair:2   | Reached XP level 12. HP: 92/92 MP: 18/18
 12789 | Lair:2   | Noticed a catoblepas
 12802 | Lair:2   | Killed a catoblepas
 12867 | Lair:2   | Found a staircase to the Snake Pit.
 13405 | Lair:2   | Reached skill level 10 in Invocations
 14087 | Lair:3   | Identified the +1 hand axe "Beetleslayer" {venom, Will+}
 14184 | Lair:3   | Noticed a seven-headed hydra
 14202 | Lair:3   | Killed a seven-headed hydra
 14288 | Lair:3   | Noticed a four-headed hydra
 14298 | Lair:3   | Killed a four-headed hydra
 14420 | Lair:3   | Reached **** piety under Fedhas
 14644 | Lair:3   | Found a staircase to the Shoals.
 14971 | Lair:3   | Reached skill level 10 in Fighting
 15352 | Lair:4   | Found a gate leading to a gauntlet.
 15368 | Gauntlet | Entered a Gauntlet
 15368 | Gauntlet | Found a transporter.
 15380 | Gauntlet | Found a transporter.
 15381 | Gauntlet | Found a transporter.
 15385 | Gauntlet | Found a transporter.
 15389 | Gauntlet | Found a transporter.
 15392 | Gauntlet | Found a transporter.
 15393 | Gauntlet | Found a transporter.
 15402 | Gauntlet | Found a transporter.
 15405 | Gauntlet | Found a transporter.
 15406 | Gauntlet | Found a transporter.
 15410 | Gauntlet | Found a runed translucent door.
 15414 | Gauntlet | Found a transporter.
 15416 | Gauntlet | Found a runed translucent door.
 15417 | Gauntlet | Found a transporter.
 15418 | Gauntlet | Found a transporter.
 15426 | Gauntlet | Found a transporter.
 15629 | Gauntlet | Gained mutation: You have a tail ending in a sharp stinger.
                  | [demonic ancestry]
 15629 | Gauntlet | Reached XP level 13. HP: 74/103 MP: 21/21
 15806 | Gauntlet | Identified the ring "Ihokh" {rPois rF+ rC+ Str+6}
 15983 | Gauntlet | Noticed a minotaur
 16005 | Gauntlet | Killed a minotaur
 16505 | Lair:4   | Reached ***** piety under Fedhas
 17172 | D:11     | Found a snail-covered altar of Cheibriados.
 17284 | D:11     | Reached skill level 1 in Ranged Weapons
 17512 | D:12     | Found a staircase to the Orcish Mines.
 18311 | D:12     | Found a portal to a secret trove of treasure.
 18319 | D:12     | You paid a toll of 3 potions of resistance to enter a
                  | treasure trove
 18320 | Trove    | Entered a treasure trove
 18333 | Trove    | Identified the +3 battleaxe "Ywann" {protect, rC+ SInv}
 18344 | Trove    | Identified the +0 scale mail of Westey {rF+ rN+ Dex+2}
 18346 | Trove    | Identified the +8 demon trident "Vanog" {elec, rF- Will+
                  | Dex+4 Stlth+}
 19342 | D:13     | Noticed Erolcha
 19351 | D:13     | Killed Erolcha
 19401 | D:13     | Found a blossoming altar of Fedhas.
 19790 | D:14     | Found a gate to the Vaults.
 19825 | D:14     | Found an opulent altar of Gozag.
 19948 | D:14     | Reached XP level 14. HP: 115/115 MP: 24/24
 20521 | D:14     | Acquired 620 gold pieces
 20527 | D:15     | Entered Level 15 of the Dungeon
 20579 | D:15     | Reached skill level 5 in Ranged Weapons
 20579 | D:15     | Reached skill level 5 in Throwing
 21280 | D:15     | Reached ****** piety under Fedhas
 21344 | D:15     | Found a staircase to the Depths.
 21997 | Lair:5   | Entered Level 5 of the Lair of Beasts
 22701 | Lair:5   | Reached XP level 15. HP: 122/122 MP: 25/25
 22811 | Lair:5   | Found a viscous altar of Jiyva.
 22811 | Lair:5   | Found a staircase to the Slime Pits.
 23602 | Snake:1  | Entered Level 1 of the Snake Pit
 23609 | Snake:1  | Noticed Azrael
 23620 | Snake:1  | Killed Azrael
 23780 | Snake:1  | Found Usodoan's Jewellery Shop.
 24018 | Snake:1  | Noticed Aizul
 24036 | Snake:1  | Killed Aizul
 24153 | Snake:1  | Noticed Mlioglotl
 24162 | Snake:1  | Killed Mlioglotl
 24222 | Snake:1  | Noticed Kirke
 24230 | Snake:1  | Killed Kirke
 24553 | Snake:1  | Bought the ring "Feloikux" {rElec Str+3 Dex+6} for 900 gold
                  | pieces
 24608 | Snake:2  | Found Qyebaj's Assorted Antiques.
 24610 | Snake:2  | Found Zuruh's Antique Armour Emporium.
 24610 | Snake:2  | Found Kelenam's Book Shoppe.
 24613 | Snake:2  | Found Urakhas's Weapon Emporium.
 24616 | Snake:2  | Bought a ruby ring for 190 gold pieces
 24628 | Snake:2  | Bought 6 curare-tipped darts for 57 gold pieces
 24642 | Snake:2  | Bought a pair of embroidered gloves for 217 gold pieces
 25163 | Snake:2  | Noticed Vashnia
 25391 | Snake:2  | Noticed Mimusiah's ghost (adept HOFi)
 25436 | Snake:2  | Killed Vashnia
 25484 | Snake:2  | Found a runed translucent gate.
 25484 | Snake:2  | Found a runed translucent gate.
 25484 | Snake:2  | Found a runed translucent gate.
 25587 | Snake:2  | Reached skill level 10 in Ranged Weapons
 25599 | Snake:2  | Killed Mimusiah's ghost
 25665 | Snake:2  | Gained mutation: You have a sharp stinger which inflicts
                  | weakening toxins. [demonic ancestry]
 25665 | Snake:2  | Reached XP level 16. HP: 83/133 MP: 26/26
 26171 | Snake:3  | Identified Roxanne's Precepts of Terra Firma
 26171 | Snake:3  | Noticed Roxanne
 26187 | Snake:3  | Killed Roxanne
 26413 | Snake:3  | Noticed Nikola
 26431 | Snake:3  | Killed Nikola
 26445 | Snake:3  | Reached skill level 10 in Dodging
 26520 | Snake:3  | Found Ikiniet's Distillery.
 26529 | Snake:3  | Bought a potion of heal wounds for 75 gold pieces
 26529 | Snake:3  | Bought a potion of might for 60 gold pieces
 26548 | Snake:3  | Found Big Futze's Magic Scroll Boutique.
 27970 | Snake:4  | Entered Level 4 of the Snake Pit
 28293 | Snake:4  | Found a shadowy altar of Dithmenos.
 29114 | Snake:4  | Mutation became permanent: You have a pair of horns on your
                  | head. [demonic ancestry]
 29114 | Snake:4  | Gained mutation: You have a pair of large horns on your
                  | head. [demonic ancestry]
 29114 | Snake:4  | Reached XP level 17. HP: 114/140 MP: 27/27
 29574 | Snake:4  | Reached skill level 15 in Fighting
 29629 | Snake:4  | Got a serpentine rune of Zot
 29927 | Lair:1   | Upgraded the game from 0.30-a0-135-g630cfc4551 to
                  | 0.30-a0-137-gd8773701ce
 30011 | Orc:1    | Entered Level 1 of the Orcish Mines
 30012 | Orc:1    | Found Fitri Fod's Weapon Shop.
 30446 | Orc:2    | Entered Level 2 of the Orcish Mines
 30650 | Orc:2    | Noticed Jorgrun
 30659 | Orc:2    | Killed Jorgrun
 30898 | Orc:2    | Found a staircase to the Elven Halls.
 31220 | Orc:2    | Found Ovum's Antique Armour Boutique.
 31220 | Orc:2    | Found Hiaghiqa's Antique Weapon Shoppe.
 31220 | Orc:2    | Found Zysh's Antique Weapon Shoppe.
 31220 | Orc:2    | Found Peirruda's Jewellery Shop.
 31257 | Orc:2    | Bought a warped ring mail for 297 gold pieces
 31257 | Orc:2    | Identified the +3 ring mail of the Onion {Str+4 Int+3} (You
                  | bought it in a shop on level 2 of the Orcish Mines)
 31257 | Orc:2    | Bought a slimy scale mail for 297 gold pieces
 31257 | Orc:2    | Identified the +0 scale mail "Etoj" {rPois rF+ Int-4} (You
                  | bought it in a shop on level 2 of the Orcish Mines)
 31517 | Shoals:1 | Entered Level 1 of the Shoals
 31517 | Shoals:1 | Noticed LnG's ghost (adept KoSu)
 31517 | Shoals:1 | Found a runed translucent door.
 32668 | Shoals:2 | Found Erlang Shen's Dragon-Slaying Spoils.
 32675 | Shoals:2 | Bought +0 pearl dragon scales for 1000 gold pieces
 32722 | Shoals:2 | Noticed a kraken
 32738 | Shoals:2 | Killed a kraken
 32926 | Snake:2  | Bought a scroll of enchant armour for 285 gold pieces
 33000 | Snake:3  | Bought a scroll of enchant armour for 142 gold pieces
 33830 | Shoals:2 | Found a broken altar of Ashenzari.
 33930 | Shoals:3 | Gained mutation: Your touch may irresistibly damage your
                  | foes and sap their willpower. [demonic ancestry]
 33930 | Shoals:3 | Reached XP level 18. HP: 131/151 MP: 28/28
 35209 | Shoals:4 | Entered Level 4 of the Shoals
 35209 | Shoals:4 | Found a basalt altar of Yredelemnul.
 35214 | Shoals:4 | Paralysed by an air elemental for 1 turns
 35503 | Shoals:4 | Paralysed by an air elemental for 1 turns
 35979 | Shoals:4 | Found a stormy altar of Qazlal.
 36231 | Shoals:4 | Reached skill level 15 in Invocations
 36681 | Shoals:4 | Paralysed by an air elemental for 1 turns
 36942 | Shoals:4 | Identified the +6 trident "Wesuraci" {vorpal, rF+ MP+9}
 37399 | Shoals:4 | Gained mutation: Your mind is acute. (Int +4, Str/Dex -1)
                  | [mutagenic glow]
 37413 | Shoals:4 | Gained mutation: You have hidden genetic defects.
                  | [mutagenic glow]
 37446 | Shoals:4 | Gained mutation: You are weak. (Str -2) [mutagenic glow]
 37587 | Shoals:4 | Paralysed by an air elemental for 1 turns
 38124 | Shoals:4 | Got the Papyrus of the Necrotic Volcanoes
 38126 | Shoals:4 | Got a barnacled rune of Zot
 38618 | Vaults:1 | Entered Level 1 of the Vaults
 38885 | Lair:1   | Lost mutation: You expend magic power (3 MP) to strengthen
                  | your wands. [potion of mutation]
 38885 | Lair:1   | Lost mutation: You are weak. (Str -2) [potion of mutation]
 38885 | Lair:1   | Gained mutation: You are partially covered in iridescent
                  | scales. (AC +2) [potion of mutation]
 38885 | Lair:1   | Gained mutation: You are mostly covered in iridescent
                  | scales. (AC +4) [potion of mutation]
 38885 | Lair:1   | Gained mutation: You are clumsy. (Dex -2) [potion of
                  | mutation]
 38886 | Lair:1   | Lost mutation: You are mostly covered in iridescent scales.
                  | (AC +4) [potion of mutation]
 38886 | Lair:1   | Lost mutation: Your mind is acute. (Int +4, Str/Dex -1)
                  | [potion of mutation]
 38886 | Lair:1   | Lost mutation: You have hidden genetic defects. [potion of
                  | mutation]
 38886 | Lair:1   | Gained mutation: Armour fits poorly on your strangely
                  | shaped body. [potion of mutation]
 38886 | Lair:1   | Gained mutation: Your mind is acute. (Int +4, Str/Dex -1)
                  | [potion of mutation]
 38886 | Lair:1   | Gained mutation: You have a somewhat thin skeletal
                  | structure. (Dex +2, Stealth+) [potion of mutation]
 38887 | Lair:1   | Lost mutation: Your mind is acute. (Int +4, Str/Dex -1)
                  | [potion of mutation]
 38887 | Lair:1   | Lost mutation: You are clumsy. (Dex -2) [potion of
                  | mutation]
 38887 | Lair:1   | Lost mutation: You have a somewhat thin skeletal structure.
                  | (Dex +2, Stealth+) [potion of mutation]
 38887 | Lair:1   | Gained mutation: You expend magic power (3 MP) to
                  | strengthen your wands. [potion of mutation]
 38888 | Lair:1   | Lost mutation: Armour fits poorly on your strangely shaped
                  | body. [potion of mutation]
 38888 | Lair:1   | Lost mutation: You are partially covered in iridescent
                  | scales. (AC +2) [potion of mutation]
 38888 | Lair:1   | Lost mutation: You expend magic power (3 MP) to strengthen
                  | your wands. [potion of mutation]
 38888 | Lair:1   | Gained mutation: Your system is resistant to poisons.
                  | (rPois) [potion of mutation]
 38888 | Lair:1   | Gained mutation: You have an increased reservoir of magic.
                  | (+10% MP) [potion of mutation]
 39141 | Vaults:1 | Killed from afar by a tengu reaver

Illustrated notes

Levels and vault maps discovered:
D:1:      dpeg_arrival_rooms_with_view, layout_basic, minivault_25,
          minmay_misc_feat_room, minmay_fountain_box, st_stairs_11,
          lexackson_kobold_supper
D:2:      layout_rooms, minmay_misc_feat_diagonals, minivault_5
D:3:      layout_loops_ring, bh_walls_and_bars, uniq_robin
D:4:      layout_basic
D:5:      layout_basic, minmay_overflow_temple_star_hex,
          minmay_misc_feat_enclosed, serial_bayou_pond_d
D:6:      layout_loops_corners, minmay_temple_entry_statues_fountains,
          gup_sewer_entry_spiral, serial_shops, kennysheep_mini
D:7:      layout_rooms, nicolae_shop_firing_range, uniq_duvessa
D:8:      layout_loops_corners, uniq_maurice, uniq_amaemon, uniq_pikel
D:9:      minmay_spotlight, layout_basic, lair_entry_dummy
D:10:     layout_gridville, lemuel_tele_altar, mainiacjoe_overflow_alcove_1,
          uniq_fannar, uniq_snorg
D:11:     layout_gridville, chei_slow_surprise
D:12:     layout_stronghold, orc_0_dummy, nicolae_trove_entry_crystal,
          nicolae_lava_and_water, minmay_crystal_water
D:13:     layout_small_grid, fedhas_altar_3, uniq_erolcha
D:14:     layout_basic, erik_vaults_1, nicolae_gozag_seed_capital,
          nicolae_elevator_lobby_asterisk
D:15:     gammafunk_enter_depths_forms, layout_loops_ring, nicolae_water_bricks,
          roderic_cross_of_infinity
Temple:   regret_index_temple_generic_petals
Lair:1:   layout_big_grid, grunt_megastairs_3, lemuel_fruit_tree,
          serial_bayou_shore_a, wad_woods_river_01, uniq_harold, uniq_nergalle
Lair:2:   layout_long_grid, guppyfry_snake_entry_garden,
          cheibrodos_lair_caveside_slide, grunt_megastairs_1
Lair:3:   layout_gridlike, elwin_shoals_entry_stream, serial_bayou_ford_a,
          guppyfry_lair_drakes
Lair:4:   layout_misc_corridors, gauntlet_entry_generic,
          chequers_serial_rivers_micro_a
Lair:5:   guppyfry_lair_end_dragon, layout_cellular_growth,
          dpeg_slime_entry_enclosed, wad_woods_06
Shoals:1: layout_shoals, hellmonk_ghost_happy_afterlife
Shoals:2: layout_shoals, nicolae_shop_dragon_depot, lemuel_altar_in_water,
          ldierk_geyser
Shoals:3: layout_shoals, nicolae_shoals_lost_giant_temple
Shoals:4: shoals_end_hellmonk_storm_palace [storm_palace_center_square,
          storm_palace_corner_altar, storm_palace_corner_narrow,
          storm_palace_corner_narrow, storm_palace_corner_altar]
Snake:1:  layout_rooms, serial_shops, nicolae_shop_window_shopping,
          nicolae_triple_integral, uniq_azrael, uniq_aizul, uniq_mlioglotl,
          uniq_kirke
Snake:2:  layout_grid_maze, gammafunk_ghost_split, drop_trap, minmay_shoptagon,
          uniq_vashnia
Snake:3:  hangedman_cross_stitches, layout_layer_cave, serial_shops, shop, shop,
          uniq_nikola, uniq_roxanne
Snake:4:  johnstein_snake_rune_scales, layout_cave_town, basic_altar,
          nicolae_snake_herptile_family_reunion
Orc:1:    layout_diamond_mine, serial_shops, shop
Orc:2:    st_orc_ogre_mass, layout_caves, uniq_jorgrun
Vaults:1: nicolae_vaults_circle_grid_a, grunt_vaults_bifocal, vaults_room_pool,
          v_misc_14, nicolae_vaults_little_squares_4, vaults_dpeg_ring,
          nicolae_vaults_specimen_jars, dpeg_vaults_monster_box,
          nicolae_vaults_asterisk, layout_vaults_omnigrid

Skill      XL: |  1  2  3  4  5  6  7  8  9 10 11 12 13 14 15 16 17 18 |
---------------+-------------------------------------------------------+-----
Polearms       | 3 4 5 6 7 9 10 11 12 13 14 | 14.0
Fighting       | 3 4 5 7 8 10 12 14 16 | 16.0
Armour         | 4 5 8 9 |  9.0
Invocations    | 5 7 8 11 14 16 | 16.0
Dodging        | 5 7 8 9 11 12 13 | 13.9
Evocations     | 3 5 7 |  7.2
Ranged Weapons | 4 7 10 12 13 14 | 14.0
Throwing       | 3 6 9 |  9.5

Action                   |  1- 3 |  4- 6 |  7- 9 | 10-12 | 13-15 | 16-18 || total
-------------------------+-------+-------+-------+-------+-------+-------++-------
Melee: Trident           |    74 |    71 |       |    41 |    54 |       ||   240
       Punch             |     1 |     3 |     2 |    10 |     7 |     9 ||    32
       Headbutt          |       |    12 |    42 |   105 |   165 |   165 ||   489
       Spear             |       |    61 |   277 |   451 |   134 |       ||   923
       Touch             |       |     9 |    41 |    88 |   124 |   122 ||   384
       Tailslap          |       |     3 |    24 |    69 |   114 |   102 ||   312
       Demon trident     |       |       |       |       |   504 |   730 ||  1234
 Fire: Sling             |       |     3 |     2 |       |       |       ||     5
       Shortbow          |       |       |    10 |    77 |   213 |   475 ||   775
Throw: Throwing net      |     1 |       |     2 |       |       |       ||     3
       Dart              |       |     1 |     7 |     4 |     3 |     2 ||    17
Invok: Grow Ballistomyce |       |       |       |     1 |     1 |     2 ||     4
       Wall of Briars    |       |       |       |       |     2 |       ||     2
       Grow Oklob        |       |       |       |       |     5 |    10 ||    15
Evoke: Wand              |       |       |       |       |     5 |     1 ||     6
       Condenser vane    |       |       |       |       |     1 |     2 ||     3
       Tin of tremorston |       |       |       |       |       |     4 ||     4
  Use: Potion            |       |     4 |     5 |     5 |     6 |    12 ||    32
       Scroll            |       |     3 |    14 |     9 |     8 |     8 ||    42
 Stab: Sleeping          |     1 |       |       |       |     1 |       ||     2
       Invisible         |       |     2 |       |       |     6 |       ||     8
       Distracted        |       |       |     1 |       |     3 |     4 ||     8
       Held in net/web   |       |       |     1 |       |       |       ||     1
       Confused          |       |       |       |       |       |     5 ||     5
Armor: Leather armour    |     8 |     3 |       |       |       |       ||    11
       Scale mail        |       |    19 |    55 |    92 |   134 |    61 ||   361
       Pearl dragon scal |       |       |       |       |       |   101 ||   101
Dodge: Dodged            |    36 |    38 |    59 |   159 |   275 |   631 ||  1198
       Repelled          |       |       |       |     2 |    17 |       ||    19
Block: Buckler           |       |       |       |     1 |       |       ||     1
       Other             |       |       |       |       |       |    64 ||    64
       Reflection        |       |       |       |       |       |     4 ||     4

Table legend: (Time is in decaauts)
 A = Elapsed time spent in this place.
 B = Non-inter-level travel time spent in this place.
 C = Inter-level travel time spent in this place.
 D = Time resting spent in this place.
 E = Time spent auto-exploring this place.
 F = Levels seen in this place.
 G = Mean time per level.
                   A        B        C        D        E       F      G
               +--------+--------+--------+--------+--------+-----+--------+
         Total |  38892 |  35339 |   3553 |   9697 |  16597 |  35 | 1111.2 |
       Dungeon |  15688 |  14330 |   1358 |   3358 |   8584 |  15 | 1045.9 |
        Temple |    273 |    195 |     78 |      0 |    187 |   1 |  273.0 |
          Lair |   7510 |   6334 |   1176 |   1054 |   3519 |   5 | 1502.0 |
        Shoals |   6611 |   6261 |    350 |   2985 |    886 |   4 | 1652.8 |
     Snake Pit |   6062 |   5575 |    487 |   1671 |   2601 |   4 | 1515.5 |
  Orcish Mines |   1288 |   1189 |     99 |    121 |    623 |   2 |  644.0 |
        Vaults |    226 |    223 |      3 |    140 |     35 |   1 |  226.0 |
         Trove |     47 |     47 |      0 |      0 |      5 |   1 |   47.0 |
         Sewer |    481 |    481 |      0 |    145 |      0 |   1 |  481.0 |
      Gauntlet |    703 |    703 |      0 |    223 |    155 |   1 |  703.0 |
               +--------+--------+--------+--------+--------+-----+--------+

Top non-repeatable levels by time:
Shoals:4: 3060 daAuts
  Lair:1: 2346 daAuts
  Lair:2: 1671 daAuts
 Snake:3: 1666 daAuts
 Snake:4: 1635 daAuts
     D:8: 1619 daAuts
 Snake:2: 1551 daAuts
     D:6: 1542 daAuts
Shoals:2: 1479 daAuts
  Lair:3: 1378 daAuts
     D:5: 1374 daAuts
  Lair:5: 1347 daAuts
    D:12: 1341 daAuts
Shoals:3: 1264 daAuts
 Snake:1: 1208 daAuts
